 Dungeon Crawl Stone Soup version 0.30.1-9-gdf580d7c3d (webtiles) character file.

Game seed: 8684658973058871351

72 lonewolfV2 the Trooper (level 4, -8/37 HPs)
             Began as a Human Fighter on Oct 23, 2023.
             Splashed by a jelly's acid (10 damage)
             ... on level 3 of the Dungeon.
             The game lasted 00:02:56 (2029 turns).

lonewolfV2 the Trooper (Human Fighter)              Turns: 2029, Time: 00:02:56

Health: -8/37      AC: -5    Str: 18    XL:     4   Next: 48%
Magic:  13/13      EV:  9    Int:  8    God:
Gold:   81         SH:  5    Dex: 13    Spells: 3/3 levels left

rFire   . . .        a - +0 war axe
rCold   . . .        c - +1 buckler
rNeg    . . .        b - +0 scale mail
rPois   .            (no helmet)
rElec   .            (no cloak)
rCorr   .            (no gloves)
SInv    .            (no boots)
Will    .....        (no amulet) Stlth
                     m - ring of magical power
HPRegen 0.26/turn    (no ring)
MPRegen 0.13/turn

%: no passive effects
@: corroded
A: no striking features
a: no special abilities


You were on level 3 of the Dungeon.
You visited 1 branch of the dungeon, and saw 3 of its levels.

You collected 81 gold pieces.

Inventory:

Hand Weapons
 a - a +0 war axe (weapon)
Armour
 b - a +0 scale mail (worn)
 c - a +1 buckler (worn)
Jewellery
 m - a ring of magical power (left hand)
Wands
 j - a wand of polymorph (12)
Scrolls
 e - 3 scrolls of fog
 g - 2 scrolls of teleportation
 i - a scroll of enchant armour
Potions
 d - a potion of might
 f - 2 potions of curing
 h - a potion of degeneration
 l - a potion of attraction {unknown}


   Skills:
 + Level 4.1 Fighting
 + Level 3.3 Axes
 - Level 3.0 Armour
 - Level 3.0 Shields


You had 3 spell levels left.
You didn't know any spells.
Your spell library contained the following spells:

 Spells                   Type           Power      Damage    Failure   Level
 Volatile Blastmotes      Fire/Tloc      0%         2d10      99%         3
 Fulminant Prism          Conj/Hex       0%         3d5       100%        4
 Iskenderun's Mystic Bla  Conj/Tloc      0%         2d3       100%        4
 Lee's Rapid Deconstruct  Erth           0%         3d4*      100%        5


Dungeon Overview and Level Annotations

Branches:
Dungeon (3/15)

Altars:


Message History

The rat closely misses you.
You hit the rat.
You kill the rat!
You see here a rat corpse.
HP restored.
i - a scroll of enchant armour You see here a rat corpse.
Found an escape hatch in the floor.
A giant cockroach comes into view.
A giant cockroach is nearby!
A giant cockroach is nearby!
You slash the giant cockroach!
You kill the giant cockroach!
A jelly comes into view.
A jelly is nearby!
A jelly is nearby!
The jelly barely misses you.
You hit the jelly but do no damage.
Your hands burn!
The jelly hits you but does no damage.
You hit the jelly.
Your hands burn!
The jelly is moderately wounded.
The jelly hits you but does no damage.
You hit the jelly but do no damage.
Your hands burn!
The jelly is moderately wounded.
The jelly closely misses you. You block the jelly's attack.
You hit the jelly. The acid corrodes you!
Your hands burn!
The jelly is heavily wounded.
The jelly hits you.
You are splashed with acid.
You hit the jelly. The acid corrodes you!
Your hands burn!
The jelly is severely wounded.
The jelly closely misses you. The jelly hits you. The acid corrodes you!
You are splashed with acid!
* * * LOW HITPOINT WARNING * * *
You hit the jelly but do no damage.
Your hands burn!
* * * LOW HITPOINT WARNING * * *
The jelly is severely wounded.
The jelly hits you.
* * * LOW HITPOINT WARNING * * *
You are splashed with acid!
You die...

.########.......#
.......†.........
.####............ .#
#..[......... .#
+............ .#
#....#######. .#
#........# ..
##.......##########.
##
#..........@J......
#.......###########
#.>.....#
#.......######
#............#
#............#
#####........#
#........#
##########


You could see a jelly.

Vanquished Creatures
  2 adders (D:2)
  3 worms (D:2)
  A dart slug (D:2)
  2 endoplasms (D:1)
  3 giant cockroaches
  5 goblins
  2 hobgoblins
  2 jackals (D:1)
  2 kobolds (D:2)
  A quokka (D:1)
  5 ball pythons
  5 bats
  6 frilled lizards
  5 rats
44 creatures vanquished.

Notes
Turn   | Place    | Note
-------+----------+-------------------------------------------
     0 | D:1      | lonewolfV2 the Human Fighter began the quest for the Orb.
     0 | D:1      | Reached XP level 1. HP: 18/18 MP: 1/1
   195 | D:1      | Reached XP level 2. HP: 22/24 MP: 2/2
   248 | D:1      | You fall into a shaft and drop 1 floor!
   775 | D:1      | Reached XP level 3. HP: 22/29 MP: 3/3
  1337 | D:2      | Reached XP level 4. HP: 36/37 MP: 4/4
  1446 | D:2      | Reached skill level 4 in Fighting
  2029 | D:3      | Splashed by a jelly's acid

Illustrated notes

Levels and vault maps discovered:
D:1:      psy_arrival_conway, layout_loops_corners,
          chequers_serial_rivers_micro_e
D:2:      minmay_wonky_spiral, layout_basic
D:3:      layout_basic, serial_shops, shop, minmay_misc_feat_nine_boxes

Skill      XL: |  1  2  3  4 |
---------------+-------------+-----
Axes           | 3 |  3.3
Fighting       | 4 |  4.1
Armour         | |  3.0
Shields        | |  3.0

Action                     |  1- 3 |  4- 6 || total
---------------------------+-------+-------++-------
  Melee: War axe           |   102 |    46 ||   148
    Use: Scroll            |     3 |     4 ||     7
 Armour: Scale mail        |    64 |    15 ||    79
  Dodge: Dodged            |    50 |    14 ||    64
  Block: Buckler           |    23 |     6 ||    29
